 Dungeon Crawl Stone Soup version 0.31.0-1-g2c135a008e (webtiles) character file.

Game seed: 6704020083212589212

107 qw the Shooter (level 5, -2/40 HPs)
             Began as a Djinni Hunter on Jan 23, 2024.
             Slain by a gnoll
             ... wielding a +0 flail
              (4 damage)
             ... on level 3 of the Dungeon.
             The game lasted 00:00:05 (1451 turns).

qw the Shooter (Djinni Hunter)                      Turns: 1451, Time: 00:00:05

Health: -2/40      AC:  5    Str: 10    XL:     5   Next: 11%
Gold:   107        EV: 11    Int: 11    God:
                   SH:  0    Dex: 18

rFire   + + .        a - +0 shortbow
rCold   x . .        (shield currently unavailable)
rNeg    . . .        j - +0 ring mail
rPois   inf          (no helmet)
rElec   .            (no cloak)
rCorr   .            (no gloves)
SInv    .            (boots unavailable)
Will    .....        (no amulet)
Stlth   +            (no ring)
HPRegen 0.26/turn    (no ring)
MPRegen 0.00/turn

%: infuse magic (-3 HP)
@: flying
A: sickness immunity, fire resistance 2, cold vulnerability 1, float, innate
caster, HP casting, extra vitality 1
a: no special abilities


You were on level 3 of the Dungeon.
You visited 1 branch of the dungeon, and saw 3 of its levels.

You collected 107 gold pieces.


Innate Abilities, Weirdness & Mutations

You are immune to sickness and miasma.
You are immune to poison.
Your flesh is very heat resistant. (rF++)
You are vulnerable to cold. (rC-)
You float through the air rather than walking.
You learn spells naturally, not from books.
Your magical power is your life essence.
You have superior vitality. (+4 MHP)


   Skills:
 - Level 3.0 Fighting
 + Level 4.2 Ranged Weapons
 - Level 1.0 Armour
 - Level 2.9 Dodging
 - Level 0.7 Stealth


You knew the following spells:

 Your Spells              Type           Power      Damage    Failure   Level
a - Kiss of Death         Conj/Necr      0%         2d5       65%         1
b - Ensorcelled Hibernat  Hex/Ice        0%         N/A       80%         2
Your spell library was empty.

Inventory:

Hand Weapons
 a - a +0 shortbow (weapon)
Armour
 j - a +0 ring mail (worn)
Scrolls
 c - a scroll of fog {unknown}
Potions
 b - 2 potions of berserk rage {unknown}
 d - a potion of cancellation
 f - a potion of might
 g - a potion of resistance {unknown}
 h - a potion of haste {unknown}

Dungeon Overview and Level Annotations

Branches:
Dungeon (3/15)

Altars:
Nemelex Xobeh


Message History

You shoot an arrow.
The arrow hits the gnoll but does no damage.
The gnoll is lightly wounded.
The rat bites you but does no damage. The gnoll barely misses you.
The frilled lizard barely misses you.
You shoot an arrow. The arrow hits the gnoll.
The gnoll is moderately wounded.
The rat misses you. The gnoll closely misses you.
The frilled lizard bites you but does no damage.
The rat closely misses you. The frilled lizard closely misses you.
The gnoll hits you with a +0 club!
1445 ||| DRINKING potion of heal wounds.
You feel much better. The rat bites you but does no damage.
The gnoll hits you but does no damage. The gnoll hits you with a +0 flail.
The frilled lizard bites you but does no damage.
You shoot an arrow. The arrow closely misses the gnoll.
The rat misses you. The gnoll barely misses you.
The gnoll hits you with a +0 flail. The frilled lizard closely misses you.
You shoot an arrow. The arrow hits the gnoll.
The gnoll is severely wounded.
The rat barely misses you. The gnoll hits you with a +0 club.
The gnoll hits you with a +0 flail! The frilled lizard barely misses you.
You shoot an arrow. The arrow hits the gnoll.
You kill the gnoll!
The rat bites you. The gnoll misses you. The frilled lizard barely misses you.
The rat barely misses you. The gnoll hits you with a +0 flail!
The frilled lizard bites you.
You shoot an arrow. The arrow completely misses the gnoll.
The rat bites you but does no damage. The gnoll hits you with a +0 flail.
The frilled lizard bites you but does no damage.
You shoot an arrow. The arrow hits the gnoll!
The gnoll is severely wounded.
The rat bites you but does no damage. The gnoll misses you.
The frilled lizard closely misses you.
You shoot an arrow. The arrow barely misses the gnoll.
The rat closely misses you. The gnoll barely misses you.
The frilled lizard bites you but does no damage.
The gnoll hits you with a +0 flail.
You die...

.......## ..#.#...
....#
..#.#.###.#..#...#
....)....<...#...#
<.#.#.###.#..#...# #
.##.#.###.#..#...# #.#
.##.#........#).)# ..
.#..#.###.##.#.)l##.#
...............g@r..#
.#..#..##.##.#...####
....#.%##.####...#####
....#..................
................######.
.#...[..........####
.....................
.#..#...#.#.##..#####
....#..........##


You could see a gnoll, a frilled lizard and a rat.

Vanquished Creatures
  An orc wizard (D:2)
  3 gnolls (D:3)
  2 dart slugs
  2 orcs (D:2)
  4 bats (D:1)
  2 endoplasms
  2 giant cockroaches
  4 goblins
  3 hobgoblins
  6 jackals
  4 kobolds
  2 quokkas
  4 ball pythons (D:2)
  3 frilled lizards (D:2)
  4 rats
46 creatures vanquished.

Notes
Turn   | Place    | Note
-------+----------+-------------------------------------------
     0 | D:1      | qw the Djinni Hunter began the quest for the Orb.
     0 | D:1      | Reached XP level 1. HP: 18/18 MP: 0/0
     0 | D:1      | 0 ||| qw: Version: 0.3-a-135-gb77e89d
     0 | D:1      | 0 ||| qw: Game counter: 946
     0 | D:1      | 0 ||| qw: Melee chars always use a shield: true
     0 | D:1      | 0 ||| qw: God list: Okawaru
     0 | D:1      | 0 ||| qw: Allow faded altars: false
     0 | D:1      | 0 ||| qw: Do Orc after clearing Dungeon:15 true
     0 | D:1      | 0 ||| qw: Do second Lair branch before Depths: true
     0 | D:1      | 0 ||| qw: Lair rune preference: random
     0 | D:1      | 0 ||| qw: Goals: Normal
     0 | D:1      | 0 ||| PLANNING D:1-11
    88 | D:1      | Reached XP level 2. HP: 11/23 MP: 0/0
   548 | D:1      | Reached skill level 4 in Ranged Weapons
   548 | D:1      | Reached XP level 3. HP: 28/28 MP: 0/0
   548 | D:1      | Learned a level 1 spell: Kiss of Death
   651 | D:1      | 651 ||| READING scroll labelled FEAHIPL YGYGH.
   651 | D:1      | 651 ||| IDENTIFYING golden potion
   652 | D:1      | 652 ||| DROPPING scroll of butterflies.
   793 | D:2      | Found a sparkling altar of Nemelex Xobeh.
   806 | D:2      | Reached skill level 3 in Fighting
   806 | D:2      | Reached XP level 4. HP: 35/35 MP: 0/0
  1295 | D:2      | 1295 ||| UPGRADING to +0 ring mail.
  1305 | D:2      | 1305 ||| DROPPING +0 leather armour.
  1306 | D:2      | 1306 ||| READING scroll of identify.
  1306 | D:2      | 1306 ||| IDENTIFYING sapphire potion
  1307 | D:2      | 1307 ||| READING 2 scrolls labelled KAOXTENK ESSIO.
  1308 | D:2      | 1308 ||| DRINKING 2 lumpy red potions.
  1309 | D:2      | 1309 ||| DROPPING scroll of poison.
  1427 | D:3      | Reached skill level 1 in Armour
  1438 | D:3      | HP: 8/35 [frilled lizard (2)]
  1439 | D:3      | Reached XP level 5. HP: 9/40 MP: 0/0
  1439 | D:3      | Learned a level 2 spell: Ensorcelled Hibernation
  1439 | D:3      | 1439 ||| DRINKING 2 potions of heal wounds.
  1444 | D:3      | HP: 5/40 [gnoll/+0 club (7)]
  1445 | D:3      | 1445 ||| DRINKING potion of heal wounds.
  1449 | D:3      | HP: 1/40 [gnoll/+0 flail (4)]
  1451 | D:3      | Slain by a gnoll

Levels and vault maps discovered:
D:1:      minmay_arrival_semitransparent, layout_basic
D:2:      layout_loops_ring, basic_altar
D:3:      layout_basic, hangedman_decor_clover_reticule,
          chequers_decorated_corner, nrook_campfire

Skill      XL: |  1  2  3  4 |
---------------+-------------+-----
Ranged Weapons | 4 |  4.2
Fighting       | 3 |  3.0
Armour         | 1 |  1.0
Dodging        | |  2.9
Stealth        | |  0.7

Action                     |  1- 3 |  4- 6 || total
---------------------------+-------+-------++-------
   Fire: Shortbow          |    52 |    90 ||   142
    Use: Scroll            |     1 |     2 ||     3
         Potion            |       |     3 ||     3
 Armour: Leather armour    |    16 |    11 ||    27
         Ring mail         |       |    39 ||    39
  Dodge: Dodged            |    16 |    47 ||    63

Table legend:
 A = Non-vault XP
 B = Vault XP
 C = Vault XP percentage of total XP
 D = Non-vault monster count
 E = Vault monster count
 F = Vault count percentage of total count
                 A         B        C        D         E       F
            +---------+---------+-------+---------+---------+-------
      Total |     154 |       0 |   0.0 |      46 |       0 |   0.0
            +---------+---------+-------+---------+---------+-------
        D:1 |      30 |       0 |   0.0 |      16 |       0 |   0.0
        D:2 |      73 |       0 |   0.0 |      23 |       0 |   0.0
        D:3 |      51 |       0 |   0.0 |       7 |       0 |   0.0
            +---------+---------+-------+---------+---------+-------
